 Dungeon Crawl Stone Soup version 0.26-a0-487-gbff1e92059 (webtiles) character file.

Game seed: 5618470625439243439

79 Lovable the Skirmisher (level 4, 0/43 HPs)
             Began as a Gargoyle Berserker on Aug 2, 2020.
             Was a Believer of Trog.
             Slain by an adder (2 damage)
             ... on level 2 of the Dungeon.
             The game lasted 00:04:17 (1234 turns).

Lovable the Skirmisher (Gargoyle Berserker)         Turns: 1234, Time: 00:04:18

Health: 0/43       AC:  5    Str: 22    XL:     4   Next: 37%
Magic:  4/4        EV: 12    Int:  7    God:    Trog [**....]
Gold:   70         SH:  0    Dex:  9    Spells: 3/3 levels left

rFire    . . .     SeeInvis .   g - +0 halberd
rCold    . . .     Faith    .   (shield currently unavailable)
rNeg     + . .     Spirit   .   b - +0 animal skin
rPois    ∞         Reflect  .   (no helmet)
rElec    +         Harm     .   (no cloak)
rCorr    .                      (no gloves)
MR       .....                  (no boots)
Stlth    ..........             (no amulet)
HPRegen  0.14/turn              (no ring)
MPRegen  0.09/turn              (no ring)

@: berserking (expiring), very quick
A: negative energy resistance 1, electricity resistance, unbreathing,
petrification resistance, rot immunity, AC +3
a: Berserk, Trog's Hand, Renounce Religion


You were on level 2 of the Dungeon.
You worshipped Trog.
Trog was pleased with you.
You visited 1 branch of the dungeon, and saw 2 of its levels.

You collected 70 gold pieces.

Inventory:

Hand Weapons
 g - a +0 halberd (weapon)
Armour
 b - a +0 animal skin (worn)
Scrolls
 c - a scroll of random uselessness {unknown}
 e - 2 scrolls of identify {unknown}
 f - 2 scrolls of remove curse {unknown}
Potions
 d - 3 potions of curing {unknown}


   Skills:
 + Level 3.8 Fighting
   Level 3.7 Long Blades
 + Level 2.4 Armour
 + Level 2.2 Dodging
 + Level 0.1 Stealth


You had 3 spell levels left.
You didn't know any spells.
Your spell library was empty.

Dungeon Overview and Level Annotations

Branches:
Dungeon (2/15)

Altars:


Innate Abilities, Weirdness & Mutations

You are resistant to torment.
Your stone body is resilient. (AC +3)
You are immune to poison.
You resist negative energy. (rN+)
You are resistant to electric shocks. (rElec)
You can survive without breathing.
You are immune to petrification.
You are immune to rotting.


Message History

The adder closely misses you.
You closely miss the adder.
The adder is lightly wounded.
The adder barely misses you.
You miss the adder.
The adder is lightly wounded.
The adder closely misses you. The adder barely misses you.
You closely miss the adder. The adder bites you.
* * * LOW HITPOINT WARNING * * *
You closely miss the adder. The adder closely misses you.
You are too berserk!
You barely miss the adder. The adder misses you.
The adder bites you but does no damage.
You barely miss the adder. The adder bites you.
* * * LOW HITPOINT WARNING * * *
You miss the adder. The adder bites you but does no damage.
You barely miss the adder. The adder bites you.
* * * LOW HITPOINT WARNING * * *
The adder bites you.
You die...

#..........#...
#.....#..###...
#.....##..# ..
#.....# ....
#.>...##.....
#......#.....
#......# ...
#......# #..@...#
###S#### .
#######)### ...
..........##.....
.................
..P......P.....P.
..♣♣♣..P♣♣♣...♣♣♣
. ♣P.P♣ ..P♣
♣P.P♣ ..P♣


You could see an adder.

Vanquished Creatures
  3 gnolls (D:2)
  An ooze (D:1)
  A dart slug (D:1)
  A leopard gecko (D:1)
  5 giant cockroaches
  5 hobgoblins
  6 kobolds
  7 bats
  A frilled lizard (D:1)
  7 goblins
  5 rats (D:1)
42 creatures vanquished.

Notes
Turn   | Place    | Note
-------+----------+-------------------------------------------
     0 | D:1      | Lovable the Gargoyle Berserker began the quest for the Orb.
     0 | D:1      | Reached XP level 1. HP: 14/14 MP: 1/1
    84 | D:1      | Reached XP level 2. HP: 16/19 MP: 2/2
   405 | D:1      | Reached XP level 3. HP: 22/23 MP: 3/3
   585 | D:1      | Reached ** piety under Trog
   876 | D:2      | Reached XP level 4. HP: 24/29 MP: 4/4
  1234 | D:2      | HP: 2/43 [adder (2)]
  1234 | D:2      | Slain by an adder

Illustrated notes

Levels and vault maps discovered:
D:1:      dpeg_arrival_morbid_curiosity, layout_basic
D:2:      layout_basic, lemuel_doored_altar, overflow_temple_1_default,
          minmay_misc_feat_square, kennysheep_boxes

Skill      XL: |  1  2  3 |
---------------+----------+-----
Long Blades    | 3 |  3.7
Dodging        | 2 |  2.2
Fighting       | |  3.8
Armour         | |  2.4
Stealth        | |  0.1

Action                   |  1- 3 |  4- 6 || total
-------------------------+-------+-------++-------
Melee: Falchion          |    78 |     5 ||    83
       Halberd           |       |    74 ||    74
Invok: Berserk           |     2 |     2 ||     4
       Trog's Hand       |     1 |       ||     1
Armor: Animal skin       |    34 |    97 ||   131
Dodge: Dodged            |    97 |   185 ||   282
       Rpst.: Falchion   |    27 |     1 ||    28

Table legend: (Time is in decaauts)
 A = Elapsed time spent in this place.
 B = Non-inter-level travel time spent in this place.
 C = Inter-level travel time spent in this place.
 D = Time resting spent in this place.
 E = Time spent auto-exploring this place.
 F = Levels seen in this place.
 G = Mean time per level.
                   A        B        C        D        E       F      G
               +--------+--------+--------+--------+--------+-----+--------+
         Total |   1302 |   1285 |     17 |    285 |    399 |   2 |  651.0 |
       Dungeon |   1302 |   1285 |     17 |    285 |    399 |   2 |  651.0 |
               +--------+--------+--------+--------+--------+-----+--------+

Top non-repeatable levels by time:
     D:1: 849 daAuts
     D:2: 453 daAuts
